Map: Ascension to Aiur LE

Players

SortOf

  • Race: Zerg Zerg
  • League: Master
  • Spawn Location: 5:00

RiSky - Winner!

  • Race: Zerg Zerg
  • League: Master
  • Spawn Location: 11:00

VOD

Have the link to the VOD?

Description

Time

  • Played on: Nov. 15, 2017, 3:53 p.m.
  • Length: 11:05
Show
View Real Time Build Order
Export as new Build Order

SortOf Zerg 

Build Orders: Hatch First, Zergling Baneling 

Get SALT Encoding   

  12  0:05  Drone  
  13  0:13  Overlord  
  13  0:24  Drone  
  14  0:31  Drone x2  
  16  0:44  Drone  
  17  0:53  Hatchery  
  17  0:56  Drone  
  17  1:05  Drone  
  17  1:07  Extractor  
  17  1:16  Spawning Pool  
  16  1:19  Drone  
  16  1:21  Drone  
  18  1:33  Drone  
  19  1:44  Drone  
  20  1:52  Overlord  
  20  2:04  Queen  
  20  2:05  Queen, Zergling x4  
  26  2:11  Metabolic Boost  
  26  2:14  Drone  
  27  2:23  Drone  
  27  2:27  Drone x2  
  30  2:34  Baneling Nest  
  29  2:42  Drone x2  
  31  2:48  Overlord  
  31  2:51  Zergling x2  
  32  3:01  Hatchery  
  32  3:03  Zergling x4  
  33  3:08  Drone  
  34  3:21  Zergling x12  
  34  3:23  Baneling x2  
  39  3:27  Drone  
  39  3:30  Overlord  
  40  3:34  Baneling  
  40  3:37  Baneling x2  
  40  3:43  Overlord  
  40  3:46  Zergling x6  
  42  3:56  Baneling  
  42  3:57  Baneling x2  
  42  4:03  Zergling x2  
  42  4:04  Zergling x10  
  43  4:11  Drone  
  43  4:17  Drone x2  
  43  4:22  Overlord  
  43  4:23  Drone  
  43  4:24  Drone x3  
  48  4:36  Hatchery  
  47  4:41  Zergling x4  
  48  4:45  Drone  
  48  4:46  Drone  
  48  4:50  Drone  
  51  4:54  Drone x2  
  51  4:55  Extractor, Drone  
  51  5:00  Drone x2  
  51  5:06  Extractor, Roach Warren  
  50  5:14  Drone x4  
  52  5:20  Queen  
  56  5:22  Drone x2  
  58  5:28  Overlord  
  58  5:32  Overlord  
  58  5:39  Zergling x6  
  58  5:41  Overlord  
  54  5:52  Roach  
  54  5:53  Roach x6  
  67  5:59  Roach x2  
  67  6:02  Roach  
  67  6:03  Roach  
  73  6:21  Roach x6  
  73  6:25  Ravager x4  
  89  6:32  Drone  
  90  6:33  Drone  
  90  6:35  Overlord  
  86  6:48  Roach x5  
  94  6:58  Roach, Zergling x8  
  98  7:10  Overlord  
  98  7:12  Ravager x3  
  101  7:19  Roach  
  101  7:20  Roach  
  105  7:23  Overlord  
  105  7:24  Overlord  
  105  7:30  Roach x2  
  105  7:35  Zergling x8  
  105  7:36  Zergling x4  
  106  7:38  Overlord  
  104  7:46  Drone  
  105  7:51  Overlord  
  105  7:55  Drone x5  
  110  8:00  Drone x2  
  110  8:02  Drone x2  
  114  8:10  Lair  
  114  8:15  Drone x4  
  118  8:22  Evolution Chamber, Drone x2  
  118  8:23  Drone  
  120  8:31  Drone  
  121  8:40  Drone x8  
  128  8:52  Roach x4  
  128  8:53  Hatchery  
  135  8:55  Zerg Missile Weapons Level 1  
  135  8:56  Extractor  
  135  9:01  Extractor  
  133  9:03  Extractor  
  133  9:04  Drone  
  133  9:05  Roach x4  
  133  9:08  Overlord  
  141  9:10  Glial Reconstitution  
  141  9:17  Roach  
  141  9:18  Roach  
  143  9:25  Roach  
  143  9:26  Overlord  
  143  9:29  Roach  
  143  9:30  Roach x3  
  152  9:35  Hydralisk Den  
  150  9:39  Overlord x2  
  150  9:43  Roach  
  152  9:51  Spore Crawler  
  149  9:56  Overlord x3  
  147  10:06  Hydralisk x8  
  123  10:15  Hydralisk x3  
  129  10:22  Hydralisk x3  
  129  10:27  Hydralisk x2  
  139  10:32  Hydralisk  
  139  10:33  Hydralisk  
  143  10:42  Roach  
  137  10:43  Roach x3  
  137  10:45  Roach  
Show
View Real Time Build Order
Export as new Build Order

RiSky Zerg - Winner!

Build Orders: Hatch First, Zergling Baneling 

Get SALT Encoding   

  12  0:00  Drone  
  13  0:12  Overlord  
  13  0:16  Drone  
  14  0:30  Drone x2  
  14  0:34  Drone  
  17  0:51  Hatchery  
  17  0:54  Drone  
  17  0:57  Drone  
  17  1:02  Extractor  
  17  1:13  Spawning Pool  
  17  1:16  Drone  
  17  1:20  Drone  
  18  1:28  Drone  
  19  1:38  Overlord  
  19  1:50  Drone  
  20  1:59  Queen  
  20  2:00  Zergling x2  
  23  2:03  Queen, Metabolic Boost  
  23  2:07  Drone  
  26  2:10  Drone  
  26  2:15  Drone  
  28  2:22  Drone  
  29  2:24  Drone  
  30  2:32  Zergling x2  
  30  2:37  Hatchery  
  30  2:40  Overlord  
  30  2:44  Zergling x2  
  30  2:48  Drone  
  32  2:54  Drone  
  32  2:56  Baneling Nest  
  32  2:59  Drone  
  33  3:13  Drone x2  
  33  3:14  Queen  
  33  3:15  Overlord  
  33  3:16  Drone  
  33  3:17  Zergling x4  
  40  3:20  Zergling x2  
  40  3:24  Zergling x4  
  43  3:27  Zergling x2  
  44  3:35  Overlord  
  44  3:37  Drone  
  45  3:41  Drone  
  45  3:43  Overlord  
  45  3:45  Drone  
  45  3:46  Baneling  
  45  3:47  Baneling  
  45  3:48  Zergling x6  
  49  3:51  Drone  
  49  3:55  Drone  
  52  3:56  Drone  
  52  3:58  Drone  
  52  4:01  Queen  
  56  4:05  Zergling x4  
  56  4:07  Drone  
  58  4:14  Drone  
  56  4:17  Baneling x2  
  56  4:19  Drone  
  56  4:20  Drone  
  56  4:23  Extractor  
  57  4:25  Overlord  
  57  4:30  Drone  
  57  4:31  Overlord  
  58  4:34  Drone  
  58  4:37  Overlord  
  59  4:40  Baneling, Drone  
  59  4:41  Baneling  
  59  4:42  Overlord  
  60  4:45  Overlord, Drone  
  60  4:47  Baneling, Drone  
  60  4:48  Baneling  
  61  4:55  Roach Warren  
  61  4:57  Drone  
  59  5:00  Drone  
  59  5:02  Drone  
  59  5:03  Overlord  
  59  5:08  Drone  
  59  5:10  Drone x5  
  59  5:12  Extractor  
  62  5:14  Drone  
  62  5:15  Drone  
  62  5:19  Overlord  
  62  5:20  Queen  
  65  5:24  Zergling x6  
  65  5:27  Zergling x4  
  70  5:38  Drone  
  70  5:39  Drone  
  70  5:41  Lair  
  72  5:43  Drone  
  72  5:44  Evolution Chamber, Drone  
  72  5:45  Drone  
  72  5:46  Drone  
  72  5:47  Drone  
  75  5:50  Drone  
  75  5:51  Drone  
  75  5:52  Drone  
  75  5:53  Drone  
  75  5:55  Drone  
  79  5:59  Drone  
  79  6:01  Drone  
  81  6:10  Extractor  
  81  6:11  Extractor  
  78  6:12  Roach x5  
  78  6:15  Roach  
  90  6:19  Hatchery  
  90  6:20  Roach  
  90  6:21  Roach  
  93  6:26  Roach  
  93  6:29  Roach  
  93  6:32  Roach  
  99  6:36  Overlord  
  99  6:37  Drone  
  98  6:41  Drone  
  98  6:42  Drone  
  98  6:43  Glial Reconstitution  
  98  6:44  Zerg Missile Weapons Level 1, Drone  
  98  6:45  Drone  
  101  6:51  Roach x6  
  111  6:54  Roach x2  
  111  7:00  Roach  
  115  7:05  Roach x3  
  115  7:06  Roach  
  123  7:10  Roach x3  
  127  7:16  Roach  
  127  7:17  Overlord x4  
  127  7:36  Roach x8  
  141  7:42  Spire  
  141  7:43  Roach x6, Extractor  
  151  7:47  Overlord  
  151  7:54  Overlord x2  
  151  8:00  Overlord x2  
  151  8:04  Overseer  
  151  8:12  Queen  
  153  8:14  Overlord  
  153  8:16  Overlord  
  155  8:20  Roach x7  
  155  8:23  Ravager  
  155  8:25  Overlord  
  168  8:32  Overlord  
  168  8:37  Roach x2  
  168  8:38  Roach x2  
  176  8:42  Roach x3  
  176  8:44  Overlord  
  176  8:45  Zerg Missile Weapons Level 2  
  176  8:47  Roach x3  
  188  8:49  Overlord  
  188  9:00  Mutalisk x2  
  188  9:01  Extractor, Overlord  
  188  9:02  Overlord  
  191  9:03  Mutalisk x3  
  191  9:05  Extractor  
  196  9:16  Mutalisk x2  
  196  9:22  Mutalisk  
  196  9:34  Roach x2  
  198  9:53  Roach x2  
  172  10:11  Roach x7  
  172  10:12  Roach x7  
  186  10:17  Overseer  
  186  10:18  Queen x2  
  186  10:19  Roach x2  
  186  10:20  Roach x3  
  196  10:27  Roach  
  196  10:28  Roach  
  200  10:41  Roach x4  
Tags
 
Add a new tag
Caveats
  • Supply blocks, unpowered buildings, or Contaminate may cause inaccurate times.
  • Supply counts are checked every 10 seconds.